 Dungeon Crawl Stone Soup version 0.29-a0-284-gf9362112df (webtiles) character file.

Game seed: 16251396195960391241

142236 rabbitsville the Marksminotaur (level 16, -10/137 HPs)
             Began as a Minotaur Hunter on Mar 28, 2022.
             Was the Champion of Nemelex Xobeh.
             Mangled by a nagaraja
             ... wielding a +0 flail
              (26 damage)
             ... on level 3 of the Snake Pit on Mar 29, 2022.
             The game lasted 03:31:59 (39300 turns).

rabbitsville the Marksminotaur (Minotaur Hunter)   Turns: 39300, Time: 03:32:00

Health: -10/137    AC: 17    Str: 25    XL:     16   Next: 80%
Magic:  28/28      EV: 12    Int:  6    God:    Nemelex Xobeh [******]
Gold:   2628       SH:  5    Dex: 21    Spells: 15/15 levels left

rFire   + . .      SeeInvis .   b - +9 staff of Olgreb {rPois∞}
rCold   + . .      Faith    .   (no shield)
rNeg    . . .      Spirit   .   T - +2 leather armour {rC+ rF+}
rPois   ∞          Reflect  +   I - +2 hat
rElec   +          Harm     .   v - +1 cloak {rPois}
rCorr   +          Rampage  .   f - +0 pair of gloves
Will    +....                   g - +1 pair of boots
Stlth   ++........              A - amulet of Kuvo {Reflect rElec rCorr SH+5}
HPRegen 0.32/turn               d - ring of Baughel {Str+6 Dex+4}
MPRegen 0.21/turn               H - +4 ring of protection

@: studying Staves
A: horns 2, retaliatory headbutt, clumsy 1
a: Renounce Religion, Evoke the Staff of Olgreb, Draw Escape, Draw Destruction,
Draw Summoning, Triple Draw, Deal Four, Stack Five


You were on level 3 of the Snake Pit.
You worshipped Nemelex Xobeh.
Nemelex Xobeh was exalted by your worship.
You visited 4 branches of the dungeon, and saw 27 of its levels.
You also visited: Sewer, Ossuary, Bailey, Gauntlet and Ice Cave.

You collected 3512 gold pieces.
You spent 884 gold pieces at shops.

Inventory:

Hand Weapons
 a - the +8 longbow "Helu" {venom, rPois Int+4}
   (You acquired it in a bailey)

   Any ammunition fired from it poisons the flesh of those it strikes.
   Int:       It affects your intelligence (+4).
   rPois:     It protects you from poison.
 b - the +9 staff of Olgreb (weapon) {rPois∞}
   (You found it in an ice cave)

   If the wielder is skilled in Evocations, they can envenom those struck by it,
   dealing poison damage which bypasses armour.
   It enhances your poison magic.
   It grants immunity to poison.
   It can be activated via the 'a'bility menu to radiate toxic energy, with
   effectiveness depending on Evocations skill.
 c - the +8 broad axe of the Reaper {flame, +Blink Fly rF+ rC-}
   (You found it on level 6 of the Lair of Beasts)

   It burns those it strikes, dealing additional fire damage.
   Big, fiery blades are also staple armaments of hydra-hunters.
   rF:        It protects you from fire.
   rC:        It makes you vulnerable to cold.
   Fly:       It grants you flight.
   +Blink:    It lets you blink.
Missiles
 W - a throwing net
Armour
 f - a +0 pair of gloves (worn)
 g - a +1 pair of boots (worn)
 v - a +1 cloak of poison resistance (worn)
 I - a +2 hat (worn)
 T - a +2 leather armour of resistance (worn)
Jewellery
 d - the ring of Baughel (left hand) {Str+6 Dex+4}
   (You bought it in a shop on level 2 of the Orcish Mines)

   [ring of strength]

   Str:       It affects your strength (+6).
   Dex:       It affects your dexterity (+4).
 A - the amulet of Kuvo (around neck) {Reflect rElec rCorr SH+5}
   (You found it on level 6 of the Dungeon)

   [amulet of reflection]

   It reflects blocked missile attacks.
   rElec:     It insulates you from electricity.
   rCorr:     It protects you from acid and corrosion.
   SH:        It affects your SH (+5).
 H - a +4 ring of protection (right hand)
 N - a ring of protection from fire
 Q - a ring of positive energy
 V - a +6 ring of dexterity
 Y - a ring of willpower
Wands
 o - a wand of mindburst (24)
 s - a wand of charming (16)
 u - a wand of flame (64)
 y - a wand of digging (17)
 E - a wand of polymorph (17)
 O - a wand of paralysis (5)
 R - a wand of acid (7)
 Z - a wand of iceblast (8)
Scrolls
 e - 9 scrolls of amnesia
 h - 2 scrolls of magic mapping
 k - 3 scrolls of enchant weapon
 l - 2 scrolls of silence
 n - 5 scrolls of blinking
 p - 2 scrolls of torment
 w - 2 scrolls of holy word
 x - 11 scrolls of teleportation
 z - 7 scrolls of vulnerability
 K - 4 scrolls of fear
 M - 4 scrolls of enchant armour
 P - 2 scrolls of summoning
 U - 6 scrolls of fog
 X - 6 scrolls of immolation
Potions
 i - 2 potions of invisibility
 j - 4 potions of ambrosia
 m - 6 potions of mutation
 q - 5 potions of heal wounds
 r - 10 potions of haste
 t - 6 potions of brilliance
 B - a potion of berserk rage
 C - 3 potions of attraction
 D - a potion of resistance
 F - 4 potions of cancellation
 G - 14 potions of curing
 J - 2 potions of might
 L - 8 potions of lignification
 S - 4 potions of magic


   Skills:
 - Level 11.1 Fighting
 - Level 3.2 Axes
 - Level 13.0 Staves
 - Level 18.6 Bows
 - Level 6.2 Armour
 - Level 2.1 Dodging
 - Level 0.7 Stealth
 + Level 18.2 Invocations
 + Level 12.3 Evocations


You had 15 spell levels left.
You didn't know any spells.
Your spell library contained the following spells:

 Spells                   Type           Power      Damage    Failure   Level
 Apportation              Tloc           0%         N/A       50%         1
 Beastly Appendage        Tmut           0%         N/A       50%         1
 Blink                    Tloc           0%         N/A       63%         2
 Ensorcelled Hibernation  Hex/Ice        0%         N/A       63%         2
 Passwall                 Tmut/Erth      0%         N/A       63%         2
 Static Discharge         Conj/Air       0%         N/A       63%         2
 Wereblood                Tmut           0%         N/A       63%         2
 Call Canine Familiar     Summ           0%         N/A       86%         3
 Frozen Ramparts          Ice            0%         1d2       86%         3
 Gell's Gravitas          Tloc           0%         N/A       86%         3
 Lesser Beckoning         Tloc           0%         N/A       86%         3
 Portal Projectile        Hex/Tloc       0%         N/A       86%         3
 Spider Form              Tmut/Pois      0%         N/A       86%         3
 Swiftness                Air            0%         N/A       86%         3
 Teleport Other           Tloc           0%         N/A       86%         3
 Tukima's Dance           Hex            0%         N/A       86%         3
 Anguish                  Hex/Necr       0%         N/A       99%         4
 Animate Armour           Summ/Erth      0%         N/A       99%         4
 Dispel Undead            Necr           0%         3d6       99%         4
 Fulminant Prism          Conj/Hex       0%         3d6       99%         4
 Ice Form                 Ice/Tmut       0%         N/A       99%         4
 Iskenderun's Mystic Bla  Conj/Tloc      0%         2d3       99%         4
 Leda's Liquefaction      Hex/Erth       0%         N/A       99%         4
 Sticky Flame             Conj/Fire      0%         2d3       99%         4
 Summon Ice Beast         Ice/Summ       0%         N/A       99%         4
 Alistair's Intoxication  Tmut/Pois      0%         N/A       100%        5
 Blade Hands              Tmut           0%         N/A       100%        5
 Excruciating Wounds      Necr           0%         N/A       100%        5
 Fireball                 Conj/Fire      0%         3d3       100%        5
 Lee's Rapid Deconstruct  Erth           0%         3d5*      100%        5
 Manifold Assault         Tloc           0%         N/A       100%        5
 Dispersal                Tloc           0%         N/A       100%        6
 Iron Shot                Conj/Erth      0%         9d1       100%        6
 Starburst                Conj/Fire      0%         6d3       100%        6
 Statue Form              Tmut/Erth      0%         N/A       100%        6
 Enfeeble                 Hex            0%         N/A       100%        7
 Storm Form               Tmut/Air       0%         N/A       100%        7
 Ignition                 Fire           0%         3d3       100%        8


Dungeon Overview and Level Annotations

Branches:
Dungeon (15/15)            Temple (0/1) D:5            Lair (6/6) D:10
 Shoals (0/4) Lair:3        Snake (4/4) Lair:2        Slime (0/5) Lair:6
    Orc (2/2) D:10            Elf (0/3) Orc:2        Vaults (0/5) D:14
 Depths (0/4) D:15          Sewer (visited)         Ossuary (visited)
 Bailey (visited)           IceCv (visited)         Gauntlet (visited)

Altars:
Nemelex Xobeh
Sif Muna
Yredelemnul
The Shining One
Beogh
Jiyva

Shops:
D:11 :   Orc:1 =   Orc:2 =!(

Portals:
Pandemonium: Orc:2

Annotations:
D:4 1 runed translucent door, exclusion: door, Crazy Yiuf
D:8 exclusion: downstairs
D:12 1 runed translucent door
Lair:5 1 runed translucent door, exclusion: door, Etewkasm's ghost, journeyman TrMo


Innate Abilities, Weirdness & Mutations

You have a pair of horns on your head.
You reflexively headbutt those who attack you in melee.
You are clumsy. (Dex -2)


Message History

The blink frog appears confused.
The blink frog hits you but does no damage.
The sky beast hits you.
* * * LOW HITPOINT WARNING * * *
The sky beast shocks you. You resist.
* * * LOW HITPOINT WARNING * * *
You block the boggart's attack. The nagaraja closely misses you.
The nagaraja constricts you.
* * * LOW HITPOINT WARNING * * *
The redback bites you.
* * * LOW HITPOINT WARNING * * *
You escape the nagaraja's grasp.
Something hits the cane toad!
Something completely misses you.
The boggart casts a spell.
The blink frog is engulfed in noxious fumes.
The blink frog appears confused.
Something hits you but does no damage.
Deactivating autopickup; reactivate with Ctrl-A.
The komodo dragon is engulfed in noxious fumes.
The komodo dragon appears confused.
The komodo dragon barely misses the swamp drake.
The water nymph's watery aura covers the stone staircase leading up.
Splash!
You fall into the shallow water.
Moving in this stuff is going to be slow.
The meliai is engulfed in noxious fumes.
The meliai closely misses you. The meliai stings you.
* * * LOW HITPOINT WARNING * * *
The faun barely misses the sky beast.
The redback bites you but does no damage.
The boggart mumbles some strange words.
You block the swamp drake's attack.
The sky beast hits you but does no damage.
The blink frog barely misses the boggart.
You climb upwards.
The black mamba dissolves into shadows!
Reactivating autopickup.
There is a stone staircase leading down here.
You draw a card...
You have drawn the Cloud.
Clouds appear around you! The redback misses you.
The nagaraja hits you with a +0 flail!!
You die...
Your body glows with a rainbow of weird colours and disappears.

#.........#
#....##
#...###...#
#...## #...#
#...# #...# #
#...# #...# #...#
# #...# #...#
#...# # #..<#
#...# #...# #
##§§# #...# #...#
# #§Ys###...#
#...# #
#§@k§.....###...#
#
#g§N§...........#
#
#§§§###.........#
# #...#
#...###...# #
#...# #...# #...#
# #...# #...#
#...# # #...#
#...# #...# #
#...# ###.# #...#
#...# ### #...##


You could see a nagaraja (strong, catching breath), a swamp drake (catching
breath, misshapen), a redback (misshapen), a sky beast (misshapen) and a boggart
(misshapen).

Vanquished Creatures
  A fire giant (D:15)
  A reaper (IceCv)
  An ironbound preserver (D:14)
  Nessos (D:15)
  A red draconian (Lair:6)
  A bunyip (Lair:2)
  A minotaur (Gauntlet)
  Snorg (D:14)
  An ettin (Orc:2)
  2 boulder beetles
  The ghost of siradein the Lord of Darkness, a journeyman DrNe of Kikubaaqudgha (D:11)
  10 hydras
  3 naga warriors
  A demonspawn (Orc:2)
  2 centaur warriors (D:13)
  An ogre mage (D:15)
  6 two-headed ogres
  3 anacondas
  3 tengu warriors (D:14)
  5 orc high priests (Orc:2)
  4 death yaks
  4 shock serpents
  Nergalle (Lair:1)
  A deep elf knight (D:12)
  A fire crab (Gauntlet)
  8 naga sharpshooters
  A sun demon (Orc:2)
  A naga ritualist (Snake:1)
  A wizard (D:15)
  6 orc knights
  Pikel (D:4)
  3 deep elf pyromancers
  18 ugly things
  4 manticores
  A wolf spider (Lair:6)
  A mana viper (Snake:1)
  9 orc sorcerers
  10 cyclopes
  A cyclops (shapeshifter) (D:12)
  3 salamanders
  A shining eye (Gauntlet)
  6 elephants
  A guardian serpent (Lair:6)
  An orange demon (Orc:2)
  8 naga magi
  22 black mambas
  An ice statue (IceCv)
  A gargoyle (D:11)
  Maggie (D:7)
  13 cane toads
  3 komodo dragons
  A rime drake (Lair:2)
  A yaktaur (Snake:3)
  An efreet (D:13)
  An ice devil (IceCv)
  2 tengu conjurers (D:14)
  A freezing wraith (D:13)
  2 anaconda simulacra (IceCv)
  2 entropy weaver simulacra (IceCv)
  5 polar bears
  4 meliai
  A red devil (Orc:2)
  4 trolls
  Grinder (D:3)
  5 hornets
  25 blink frogs
  A slime creature (D:14)
  9 dream sheep
  4 shadows
  Sigmund (D:6)
  A spriggan (shapeshifter) (D:15)
  A jumping spider (Lair:6)
  2 centaur simulacra
  A dire elephant simulacrum (IceCv)
  28 yaks
  2 vampires
  Eustachio (D:5)
  A human (Lair:6)
  20 wyverns
  5 fire bats (Gauntlet)
  2 basilisks
  A death yak simulacrum (IceCv)
  3 redbacks (Lair:6)
  A chaos spawn (Orc:2)
  A golden eye (Gauntlet)
  A steam dragon (Lair:3)
  3 acid dragons
  12 vampire mosquitoes
  4 wargs
  12 nagas
  28 water moccasins
  Duvessa (D:5)
  Pargi (D:3)
  2 hell hounds (Gauntlet)
  32 orc warriors
  A sky beast (D:6)
  4 black bears
  7 ogres
  18 wolves
  5 boggarts
  12 centaurs
  3 lemures (D:4)
  2 phantoms
  5 kobold brigands
  Blork the orc (D:5)
  17 bullfrogs
  A necrophage (D:4)
  2 gnoll sergeants
  2 scorpions
  6 two-headed ogre simulacra (IceCv)
  Dowan (D:5)
  An elephant simulacrum (IceCv)
  14 killer bees
  4 howler monkeys
  An electric eel (D:9)
  6 jellies
  4 centaur zombies
  30 orc priests
  6 hounds
  5 hell rats
  Ijyb (D:3)
  Natasha (thrice) (D:3)
  2 iguanas
  19 orc wizards
  A polar bear simulacrum (IceCv)
  6 spriggan simulacra (IceCv)
  9 troll simulacra (IceCv)
  A wolf simulacrum (IceCv)
  3 mummies (Ossuary)
  21 gnolls
  8 naga simulacra (IceCv)
  6 adders
  A river rat (Lair:4)
  10 white imps
  3 ufetubi (IceCv)
  2 dart slugs (D:5)
  85 orcs
  9 endoplasms
  15 giant cockroaches
  9 hobgoblins
  3 jackals (D:3)
  18 quokkas
  11 ball pythons
  3 bats (D:1)
  12 frilled lizards
  A gnoll zombie (Ossuary)
  5 goblins
  2 goblin zombies (Ossuary)
  A hobgoblin zombie (Ossuary)
  20 kobolds
  A kobold zombie (Ossuary)
  An orc zombie (Ossuary)
  3 rats
873 creatures vanquished.

Vanquished Creatures (collateral kills)
  The ghost of PezBoy the Warrior, a journeyman MiGl of Okawaru (Lair:4)
  Erolcha (Orc:1)
  A hydra (D:13)
  A centaur warrior (D:13)
  A death yak (Lair:5)
  2 orc high priests (Orc:1)
  Amaemon (Lair:1)
  A lindwurm (Lair:6)
  A mana viper (Lair:5)
  A faun (Lair:5)
  A cyclops (D:13)
  An elephant (Lair:5)
  2 moths of wrath
  An orange demon (Lair:1)
  A torpor snail (Lair:5)
  3 black mambas
  4 cane toads
  A rime drake (Lair:6)
  A wind drake (Lair:6)
  A troll (Orc:1)
  3 basilisks
  15 yaks (Lair:6)
  A redback (Lair:5)
  A swamp worm (Lair:5)
  A water moccasin (Lair:6)
  A black bear (Lair:1)
  3 orc warriors (Orc:1)
  A killer bee (Lair:4)
  2 orc priests (D:8)
  An orc wizard (Orc:1)
  A river rat (Lair:4)
  An adder (Lair:4)
  9 orcs
67 creatures vanquished.

Vanquished Creatures (others)
  Nikola (Snake:3)
  A salamander mystic (Snake:4)
  A torpor snail (Snake:4)
  A gnoll (Bailey)
  2 demonic plants (D:3)
  58 fungi
  82 plants
146 creatures vanquished.

Grand Total: 1086 creatures vanquished

Notes
Turn   | Place    | Note
-------+----------+-------------------------------------------
     0 | D:1      | rabbitsville the Minotaur Hunter began the quest for the
                  | Orb.
     0 | D:1      | Reached XP level 1. HP: 18/18 MP: 0/0
   343 | D:1      | Reached XP level 2. HP: 25/25 MP: 1/1
   603 | D:1      | Reached skill level 5 in Bows
   764 | D:2      | Reached XP level 3. HP: 31/31 MP: 2/2
   875 | D:2      | Reached XP level 4. HP: 18/39 MP: 3/3
  1730 | D:3      | Noticed Natasha
  1734 | D:3      | Killed Natasha
  1817 | D:3      | Found a faded altar of an unknown god.
  1844 | D:3      | Noticed Pargi
  1886 | D:3      | Killed Pargi
  1887 | D:3      | Reached XP level 5. HP: 23/47 MP: 4/4
  1947 | D:3      | Noticed Grinder
  1951 | D:3      | Paralysed by Grinder for 6 turns
  1958 | D:3      | Paralysed by Grinder for 2 turns
  1964 | D:3      | Killed Grinder
  1965 | D:3      | Reached skill level 5 in Fighting
  1965 | D:3      | Reached XP level 6. HP: 21/56 MP: 5/5
  1974 | D:3      | Found a glowing drain.
  2000 | Sewer    | Entered a sewer
  2527 | Sewer    | Reached XP level 7. HP: 13/62 MP: 6/6
  3158 | D:3      | Noticed Ijyb
  3169 | D:3      | Killed Ijyb
  3314 | D:3      | Noticed Natasha
  3331 | D:3      | Killed Natasha
  3571 | D:3      | Noticed Natasha
  3577 | D:3      | Killed Natasha
  3814 | D:4      | Found a sparkling altar of Nemelex Xobeh.
  3817 | D:4      | Became a worshipper of Nemelex Xobeh the Trickster
  4371 | D:4      | Reached skill level 1 in Invocations
  4521 | D:4      | Noticed Pikel
  4535 | D:4      | Killed Pikel
  4536 | D:4      | Reached XP level 8. HP: 42/73 MP: 6/8
  4716 | D:4      | Found a runed translucent door.
  4717 | D:4      | Noticed Crazy Yiuf
  5161 | D:4      | Reached skill level 10 in Bows
  5267 | D:5      | Entered Level 5 of the Dungeon
  5441 | D:5      | Noticed Duvessa
  5445 | D:5      | Noticed Dowan
  5458 | D:5      | Killed Duvessa
  5462 | D:5      | Killed Dowan
  5468 | D:5      | Found a staircase to the Ecumenical Temple.
  5879 | D:5      | Noticed Eustachio
  5890 | D:5      | Killed Eustachio
  6042 | D:5      | Reached * piety under Nemelex Xobeh
  6163 | D:5      | Reached XP level 9. HP: 81/81 MP: 9/11
  6395 | D:5      | Noticed Blork the orc
  6400 | D:5      | Killed Blork the orc
  6411 | D:5      | Received a gift from Nemelex Xobeh
  6830 | D:6      | Identified the amulet of Kuvo {Reflect rElec rCorr SH+5}
  7035 | D:6      | Noticed Sigmund
  7040 | D:6      | Killed Sigmund
  7338 | D:6      | Reached ** piety under Nemelex Xobeh
  7537 | D:6      | Received a gift from Nemelex Xobeh
  7574 | D:6      | Reached skill level 5 in Invocations
  7860 | D:7      | Noticed Maggie
  7876 | D:7      | Killed Maggie
  8303 | D:7      | Received a gift from Nemelex Xobeh
  8369 | D:7      | Reached skill level 1 in Armour
  8838 | D:8      | Reached *** piety under Nemelex Xobeh
  8843 | D:8      | Found a sand-covered staircase.
  8850 | Ossuary  | Entered an ossuary
  9327 | D:8      | Reached XP level 10. HP: 82/91 MP: 13/13
  9649 | D:8      | Received a gift from Nemelex Xobeh
  9833 | D:8      | Reached skill level 10 in Fighting
 11450 | D:9      | Reached skill level 5 in Armour
 11690 | D:9      | Noticed a manticore
 11704 | D:9      | Killed a manticore
 12046 | D:10     | Entered Level 10 of the Dungeon
 12046 | D:10     | Received a gift from Nemelex Xobeh
 12104 | D:10     | Found a flagged portal.
 12119 | Bailey   | Entered a bailey
 12376 | Bailey   | Reached **** piety under Nemelex Xobeh
 12381 | Bailey   | Noticed an orc knight
 12403 | Bailey   | Killed an orc knight
 12590 | Bailey   | Acquired the +8 longbow "Helu" {venom, rPois Int+4}
 12887 | D:10     | Received a gift from Nemelex Xobeh
 12982 | D:10     | Found a staircase to the Orcish Mines.
 13118 | D:10     | Found a staircase to the Lair.
 13179 | D:10     | Reached XP level 11. HP: 93/102 MP: 16/16
 13787 | D:11     | Noticed a brown ugly thing
 13807 | D:11     | Killed a brown ugly thing
 14045 | Lair:1   | Entered Level 1 of the Lair of Beasts
 14100 | Lair:1   | Noticed Amaemon
 14678 | Lair:1   | Noticed Nergalle
 14686 | Lair:1   | Killed Nergalle
 14853 | Lair:1   | Killed Amaemon
 14854 | Lair:1   | Reached skill level 10 in Invocations
 15797 | Lair:1   | Reached ***** piety under Nemelex Xobeh
 16105 | Lair:2   | Reached XP level 12. HP: 90/110 MP: 19/19
 16111 | Lair:2   | Noticed a seven-headed hydra
 16122 | Lair:2   | Noticed a bunyip
 16122 | Lair:2   | a seven-headed hydra changed into a bunyip
 16126 | Lair:2   | Killed a bunyip
 16461 | Lair:2   | Found a staircase to the Snake Pit.
 16488 | Lair:2   | Received a gift from Nemelex Xobeh
 17091 | Lair:3   | Received a gift from Nemelex Xobeh
 17596 | Lair:3   | Reached skill level 15 in Bows
 17756 | Lair:3   | Found a staircase to the Shoals.
 17760 | Lair:3   | Noticed a seven-headed hydra
 17765 | Lair:3   | Killed a seven-headed hydra
 17787 | Lair:3   | Received a gift from Nemelex Xobeh
 18115 | Lair:4   | Noticed a four-headed hydra
 18119 | Lair:4   | Killed a four-headed hydra
 18173 | Lair:4   | Noticed PezBoy's ghost (journeyman MiGl)
 18321 | Lair:4   | Received a gift from Nemelex Xobeh
 18487 | Lair:4   | Noticed a four-headed hydra
 18496 | Lair:4   | Killed a four-headed hydra
 18667 | Lair:4   | Found a transporter.
 18670 | Lair:4   | Found a transporter.
 18718 | Lair:4   | Killed PezBoy's ghost
 19380 | Lair:5   | Identified the +1 trident "Hydraslayer" {antimagic, rF++
                  | rN+ Dex+4 Stlth+}
 19389 | Lair:5   | Reached XP level 13. HP: 114/116 MP: 21/21
 19597 | Lair:5   | Found a runed translucent door.
 19602 | Lair:5   | Noticed Etewkasm's ghost (journeyman TrMo)
 19603 | Lair:5   | Identified the +4 trident "Milidef" {venom, rF+ rCorr
                  | Int+4}
 19670 | Lair:5   | Received a gift from Nemelex Xobeh
 19700 | Lair:5   | Noticed a minotaur
 19700 | Lair:5   | a death yak changed into a minotaur
 19700 | Lair:5   | Noticed a storm dragon
 19700 | Lair:5   | a death yak changed into a storm dragon
 19700 | Lair:5   | Noticed an emperor scorpion
 19700 | Lair:5   | a death yak changed into an emperor scorpion
 19701 | Lair:5   | a minotaur changed into a swamp worm
 19701 | Lair:5   | a storm dragon changed into a moth of wrath
 19701 | Lair:5   | an emperor scorpion changed into a faun
 20519 | Lair:5   | Reached ****** piety under Nemelex Xobeh
 20537 | Lair:5   | Received a gift from Nemelex Xobeh
 20767 | Lair:6   | Entered Level 6 of the Lair of Beasts
 21019 | Lair:6   | Reached skill level 1 in Evocations
 21032 | Lair:6   | Found a staircase to the Slime Pits.
 21032 | Lair:6   | Found a viscous altar of Jiyva.
 21630 | Lair:6   | Received a gift from Nemelex Xobeh
 21645 | Lair:6   | Reached XP level 14. HP: 124/124 MP: 24/24
 21838 | Lair:6   | Reached skill level 15 in Invocations
 22503 | Lair:6   | Reached skill level 5 in Evocations
 22732 | Lair:6   | Identified the +8 broad axe of the Reaper {flame, +Blink
                  | Fly rF+ rC-}
 23240 | Orc:1    | Entered Level 1 of the Orcish Mines
 23240 | Orc:1    | Found Uxtonn's Jewellery Emporium.
 23243 | Orc:1    | Noticed Erolcha
 23247 | Orc:1    | Killed Erolcha
 23248 | Orc:1    | Reached skill level 1 in Axes
 23318 | Orc:1    | Found a frozen archway.
 23323 | IceCv    | Entered an ice cave
 23427 | IceCv    | Found the +9 staff of Olgreb {rPois∞}
 23443 | IceCv    | Received a gift from Nemelex Xobeh
 23494 | IceCv    | Reached skill level 1 in Staves
 23499 | IceCv    | Noticed a reaper
 23505 | IceCv    | Killed a reaper
 23952 | IceCv    | Reached skill level 5 in Staves
 24407 | Orc:1    | Paralysed by an orc sorcerer for 4 turns
 24597 | Orc:2    | Entered Level 2 of the Orcish Mines
 24893 | Orc:2    | Received a gift from Nemelex Xobeh
 24927 | Orc:2    | Found Cuhus's General Store.
 24936 | Orc:2    | Found Gaudowoa's Distillery.
 25151 | Orc:2    | Bought a potion of might for 72 gold pieces
 25740 | Orc:2    | Reached XP level 15. HP: 128/128 MP: 25/25
 25745 | Orc:2    | Reached skill level 10 in Staves
 26165 | Orc:2    | Found a staircase to the Elven Halls.
 26692 | Orc:2    | Found Jawn's Antique Weapon Shop.
 26692 | Orc:2    | Found Beogos's Jewellery Boutique.
 26693 | Orc:2    | Found a one-way gate leading to the halls of Pandemonium.
 26703 | Orc:2    | Bought the ring of Baughel {Str+6 Dex+4} for 812 gold
                  | pieces
 27031 | D:11     | Found a runed translucent gate.
 27031 | D:11     | Found a runed translucent gate.
 27031 | D:11     | Found a runed translucent gate.
 27031 | D:11     | Noticed siradein's ghost (journeyman DrNe)
 27033 | D:11     | Found a basalt altar of Yredelemnul.
 27198 | D:11     | Received a gift from Nemelex Xobeh
 27446 | D:11     | Found Peecziwn's Book Shoppe.
 27690 | D:11     | Killed siradein's ghost
 28570 | D:12     | Received a gift from Nemelex Xobeh
 28865 | D:12     | Received a gift from Nemelex Xobeh
 29317 | D:12     | Found a runed translucent door.
 29319 | D:12     | Noticed a tengu reaver
 29792 | D:13     | Received a gift from Nemelex Xobeh
 29939 | D:13     | Received a gift from Nemelex Xobeh
 30503 | D:13     | Received a gift from Nemelex Xobeh
 31177 | D:14     | Noticed Snorg
 31183 | D:14     | Killed Snorg
 31409 | D:14     | Found a gate to the Vaults.
 31748 | D:14     | Reached skill level 10 in Evocations
 32426 | D:14     | Received a gift from Nemelex Xobeh
 32744 | D:14     | Found a glowing golden altar of the Shining One.
 32862 | D:15     | Entered Level 15 of the Dungeon
 32877 | D:15     | Reached XP level 16. HP: 106/137 MP: 27/27
 33014 | D:15     | Found a staircase to the Depths.
 33083 | D:15     | Found a gate leading to a gauntlet.
 33094 | Gauntlet | Entered a Gauntlet
 33094 | Gauntlet | Found a transporter.
 33251 | Gauntlet | Found a transporter.
 33251 | Gauntlet | Found a transporter.
 33253 | Gauntlet | Found a transporter.
 33269 | Gauntlet | Found a transporter.
 33279 | Gauntlet | Received a gift from Nemelex Xobeh
 33279 | Gauntlet | Found a transporter.
 33281 | Gauntlet | Found a large runed translucent door.
 33282 | Gauntlet | Found a large runed translucent door.
 33283 | Gauntlet | Found a large runed translucent door.
 33283 | Gauntlet | Found a large runed translucent door.
 33283 | Gauntlet | Found a runed translucent door.
 33284 | Gauntlet | Found a transporter.
 33285 | Gauntlet | Found a runed translucent door.
 33286 | Gauntlet | Found a large runed translucent door.
 33286 | Gauntlet | Found a large runed translucent door.
 33287 | Gauntlet | Found a large runed translucent door.
 33288 | Gauntlet | Found a large runed translucent door.
 33294 | Gauntlet | Found a large runed translucent door.
 33294 | Gauntlet | Found a large runed translucent door.
 33295 | Gauntlet | Found a large runed translucent door.
 33295 | Gauntlet | Found a large runed translucent door.
 33296 | Gauntlet | Found a large runed translucent door.
 33296 | Gauntlet | Found a large runed translucent door.
 33297 | Gauntlet | Found a runed translucent gate.
 33297 | Gauntlet | Found a runed translucent gate.
 33297 | Gauntlet | Found a runed translucent gate.
 33299 | Gauntlet | Found a transporter.
 33309 | Gauntlet | Found a large runed translucent door.
 33310 | Gauntlet | Found a large runed translucent door.
 33318 | Gauntlet | Found a transporter.
 33330 | Gauntlet | Found a transporter.
 33342 | Gauntlet | Found a transporter.
 33354 | Gauntlet | Found a transporter.
 33366 | Gauntlet | Found a transporter.
 33383 | Gauntlet | Found a transporter.
 33400 | Gauntlet | Found a transporter.
 33402 | Gauntlet | Found a transporter.
 33429 | Gauntlet | Found a transporter.
 33507 | Gauntlet | Found a transporter.
 33629 | Gauntlet | Gained mutation: You are clumsy. (Dex -2) [a shining eye]
 34355 | D:15     | Found a shimmering blue altar of Sif Muna.
 34408 | D:15     | Noticed Nessos
 34414 | D:15     | Killed Nessos
 35159 | Snake:1  | Entered Level 1 of the Snake Pit
 35159 | Snake:1  | Received a gift from Nemelex Xobeh
 35651 | Snake:1  | Received a gift from Nemelex Xobeh
 36925 | Snake:2  | Received a gift from Nemelex Xobeh
 38323 | Snake:3  | Received a gift from Nemelex Xobeh
 38414 | Snake:3  | Noticed Nikola
 38427 | Snake:3  | Killed Nikola
 39022 | Snake:3  | Received a gift from Nemelex Xobeh
 39290 | Snake:4  | Entered Level 4 of the Snake Pit
 39300 | Snake:3  | Mangled by a nagaraja

Illustrated notes

Levels and vault maps discovered:
D:1:      dpeg_arrival_connections, layout_loops_ring, amcnicky_mini_pool_small
D:2:      layout_loops_corners
D:3:      layout_loops_ring, gup_sewer_entry_glass,
          shapermc_ecumenical_altar_hornbeckon, dreamdust_princess_corridor,
          uniq_grinder, uniq_ijyb, uniq_pargi, uniq_natasha
D:4:      layout_loops_ring, kennysheep_mini_moat, corexii_hall_statues_u,
          uniq_crazy_yiuf_cottage, uniq_pikel
D:5:      kennysheep_spiral_hall, layout_basic, minmay_temple_entry_glass,
          uniq_eustachio, uniq_blork_the_orc, uniq_duvessa
D:6:      layout_basic, uniq_sigmund
D:7:      layout_cave_pods, uniq_maggie
D:8:      layout_basic, chequers_ossuary_entry_cave, grunt_decor_fettered,
          hangedman_decor_slide_cut, nzn_life_drinkers
D:9:      layout_rooms, kennysheep_small_spiral, minivault_26,
          small_chamber_with_monster, minivault_14, minivault_1
D:10:     layout_loops_corners, lair_entry_dummy, erik_orc_3, enter_bailey_2
D:11:     layout_roguey, serial_shops, nicolae_shop_advertising_works
          [nicolae_subvault_shop_adworks], nicolae_yredelemnul_ghost_church
D:12:     layout_irregular_city, minmay_hidden_floor
D:13:     minmay_concentric_multi, layout_stronghold, chequers_avenue
D:14:     layout_stronghold, skrybe_vaults_entry_preservation, tso_altar,
          serial_column_ruins, column_ruins_hut, column_ruins_open_small,
          column_ruins_open_small, column_ruins_columns_straight,
          column_ruins_open_small, uniq_snorg
D:15:     grunt_enter_depths_giant_problem, layout_rooms,
          gauntlet_entry_generic, lemuel_tele_altar, uniq_nessos
Lair:1:   layout_long_grid, uniq_nergalle, uniq_amaemon
Lair:2:   layout_gridlike, dummy_snake_entry, serial_rivers,
          chequers_serial_rivers_micro_d, chequers_serial_rivers_large_b,
          chequers_serial_rivers_large_a, chequers_serial_rivers_marsh
Lair:3:   layout_cave_pods, minmay_shoals_entry_centaurs,
          chequers_serial_rivers_room_b, st_stairs_9
Lair:4:   layout_concentric_octagons, gammafunk_ghost_hive,
          kilobyte_rumbling_trees
Lair:5:   layout_cave_pods, ebering_ghost_funeral_grove
Lair:6:   hangedman_lair_tendril_chambers, layout_concentric_octagons,
          hangedman_lair_in_review, slime_altar_1,
          eino_small_chamber_without_monster
Snake:1:  layout_basic
Snake:2:  layout_rooms, grunt_megastairs_2
Snake:3:  layout_concentric_octagons, uniq_nikola
Snake:4:  snake_hunt, layout_rooms, grunt_ministairs_10, uniq_vashnia
Orc:1:    layout_caves, serial_shops, shop, basic_altar,
          portal_ice_cave_entry_pillars_2, bh_open_orc_temple, uniq_erolcha
Orc:2:    pf_orc_diabolical, layout_caves, minmay_orc_temple_a

Skill      XL: |  1  2  3  4  5  6  7  8  9 10 11 12 13 14 15 16 |
---------------+-------------------------------------------------+-----
Fighting       | 3 4 5 7 9 11 | 11.1
Bows           | 5 6 7 8 9 10 12 14 16 18 | 18.6
Invocations    | 2 4 5 8 10 13 14 15 16 18 | 18.2
Armour         | 2 6 |  6.2
Evocations     | 3 7 10 12 | 12.3
Axes           | 3 |  3.2
Staves         | 9 13 | 13.0
Dodging        | |  2.1
Stealth        | |  0.7

Action                   |  1- 3 |  4- 6 |  7- 9 | 10-12 | 13-15 | 16-18 || total
-------------------------+-------+-------+-------+-------+-------+-------++-------
Melee: Short sword       |    13 |    34 |     9 |       |       |       ||    56
       Headbutt          |     1 |     9 |    63 |    92 |    38 |    20 ||   223
       Dagger            |       |       |   222 |   329 |    12 |       ||   563
       Punch             |       |       |     4 |     5 |     2 |     2 ||    13
       Broad axe         |       |       |       |       |    89 |    20 ||   109
       Staff             |       |       |       |       |    23 |    57 ||    80
 Fire: Shortbow          |    51 |   100 |   237 |    79 |       |       ||   467
       Longbow           |       |       |       |   279 |  1147 |   244 ||  1670
Invok: Draw Destruction  |       |       |       |    19 |    27 |    22 ||    68
       Draw Escape       |       |       |       |     9 |     2 |     4 ||    15
       Draw Summoning    |       |       |       |     7 |     8 |       ||    15
       Deal Four         |       |       |       |     1 |       |       ||     1
 Abil: Evoke the Staff o |       |       |       |       |       |     8 ||     8
Evoke: Wand              |       |       |     2 |       |       |       ||     2
  Use: Potion            |       |     5 |       |     3 |     3 |     6 ||    17
       Scroll            |       |       |       |    10 |     8 |     2 ||    20
 Stab: Sleeping          |       |       |     1 |     4 |       |       ||     5
       Invisible         |       |       |       |     1 |       |       ||     1
       Distracted        |       |       |       |     2 |       |       ||     2
Armor: Leather armour    |     6 |    36 |    50 |    45 |   150 |    79 ||   366
       Ring mail         |       |       |       |   158 |   118 |       ||   276
Dodge: Dodged            |    16 |    62 |   123 |   263 |   265 |    84 ||   813
Block: Other             |       |       |    36 |   104 |   135 |    38 ||   313
       Reflection        |       |       |     5 |     5 |    13 |    11 ||    34

Table legend: (Time is in decaauts)
 A = Elapsed time spent in this place.
 B = Non-inter-level travel time spent in this place.
 C = Inter-level travel time spent in this place.
 D = Time resting spent in this place.
 E = Time spent auto-exploring this place.
 F = Levels seen in this place.
 G = Mean time per level.
                   A        B        C        D        E       F      G
               +--------+--------+--------+--------+--------+-----+--------+
         Total |  39279 |  37747 |   1532 |   8051 |  16817 |  32 | 1227.5 |
       Dungeon |  18993 |  17811 |   1182 |   2912 |   9747 |  15 | 1266.2 |
          Lair |   9410 |   9102 |    308 |   1389 |   5235 |   6 | 1568.3 |
     Snake Pit |   4083 |   4051 |     32 |   1502 |    778 |   4 | 1020.8 |
  Orcish Mines |   2771 |   2761 |     10 |    947 |    342 |   2 | 1385.5 |
         Sewer |   1150 |   1150 |      0 |    519 |    239 |   1 | 1150.0 |
       Ossuary |    295 |    295 |      0 |      0 |      4 |   1 |  295.0 |
        Bailey |    518 |    518 |      0 |     35 |     50 |   1 |  518.0 |
      Ice Cave |    920 |    920 |      0 |    215 |    181 |   1 |  920.0 |
      Gauntlet |   1136 |   1136 |      0 |    530 |    241 |   1 | 1136.0 |
               +--------+--------+--------+--------+--------+-----+--------+

Top non-repeatable levels by time:
   Orc:2: 2345 daAuts
  Lair:6: 2086 daAuts
 Snake:3: 1985 daAuts
  Lair:1: 1941 daAuts
     D:8: 1892 daAuts
    D:14: 1817 daAuts
     D:4: 1765 daAuts
  Lair:5: 1628 daAuts
    D:10: 1579 daAuts
     D:5: 1449 daAuts
    D:13: 1418 daAuts
  Lair:2: 1354 daAuts
    D:12: 1332 daAuts
  Lair:4: 1205 daAuts
  Lair:3: 1193 daAuts
